 Dungeon Crawl Stone Soup version 0.28-a0-429-g1448048969 (webtiles) character file.

Game seed: 2309940442292759152

61 Tungsten the Cudgeller (level 4, 0/39 HPs)
             Began as a Hill Orc Monk on Sept 10, 2021.
             Killed from afar by Natasha (8 damage)
             ... with a magic dart
             ... on level 4 of the Dungeon.
             The game lasted 00:05:44 (3241 turns).

Tungsten the Cudgeller (Hill Orc Monk)              Turns: 3241, Time: 00:05:44

Health: 0/39       AC:  5    Str: 14    XL:     4   Next: 7%
Magic:  4/4        EV: 11    Int: 10    God:
Gold:   205        SH:  0    Dex: 13    Spells: 3/3 levels left

rFire   . . .      SeeInvis .   a - +0 mace
rCold   . . .      Faith    .   (no shield)
rNeg    . . .      Spirit   .   h - +0 ring mail
rPois   .          Reflect  .   (no helmet)
rElec   .          Harm     .   (no cloak)
rCorr   .          Rampage  .   (no gloves)
Will    .....                   (no boots)
Stlth   +.........              (no amulet)
HPRegen 0.13/turn               (no ring)
MPRegen 0.09/turn               (no ring)

@: attractive, slowed, very slow
A: no striking features
a: no special abilities


You were on level 4 of the Dungeon.
You visited 1 branch of the dungeon, and saw 4 of its levels.

You collected 205 gold pieces.

Inventory:

Hand Weapons
 a - a +0 mace (weapon)
 b - a +1 vampiric whip
Missiles
 f - 56 sling bullets
 g - 64 stones
 i - 34 poisoned darts (quivered)
Armour
 d - a +0 robe
 h - a +0 ring mail (worn)
Potions
 c - a potion of attraction
 e - a potion of flight {unknown}
 j - a potion of curing {unknown}
 k - a potion of cancellation {unknown}
 l - a potion of brilliance {unknown}


   Skills:
 - Level 3.6 Fighting
 + Level 5.3 Maces & Flails
 - Level 2.4 Dodging
 - Level 1.5 Stealth


You had 3 spell levels left.
You didn't know any spells.
Your spell library was empty.

Dungeon Overview and Level Annotations

Branches:
Dungeon (4/15)
 Temple: D:4-7

Altars:

Shops:
D:3 (

Annotations:
D:4 Natasha


Message History

The magic dart hits you. Natasha completely misses you.
You hit Natasha but do no damage. Natasha completely misses you.
Natasha claws you.
You barely miss Natasha. Natasha casts a spell at you. The magic dart hits you.
You hit Natasha.
Natasha is lightly wounded.
Natasha barely misses you.
You closely miss Natasha.
Natasha is lightly wounded.
Natasha barely misses you.
You closely miss Natasha.
Natasha is lightly wounded.
Natasha wildly gestures.
Natasha shimmers violently.
Natasha closely misses you.
You closely miss Natasha.
Natasha is lightly wounded.
Natasha claws you but does no damage.
You barely miss Natasha. Natasha casts a spell at you. The magic dart hits you!
You sock Natasha!
Natasha is severely wounded.
Natasha casts a spell at you.
You feel yourself slow down.
Natasha stares at you and mumbles some strange words.
The magic dart hits you!
* * * LOW HITPOINT WARNING * * *
You hit Natasha but do no damage.
Natasha is severely wounded.
Natasha claws you.
* * * LOW HITPOINT WARNING * * *
It was a potion of attraction.
You feel attractive to monsters. Natasha casts a spell at you.
The magic dart hits you!
You die...

#.... #. #.... #. .#
#.... #.. .# ###'# #..
#. #.# ####..# .######
#.#
.......##.......######.#
......h.................
#....@......#.##.###.#
####.#....#.#.#...##.#
...#.#....#.....##.#
######.#..###+#...##<#
#......#..#..........#
#.##..###.#..........#
###.......)............#
#.......####...........#
#.......# #...........#


You could see Natasha.

Vanquished Creatures
  2 adders
  A worm (D:2)
  A dart slug (D:2)
  2 ball pythons (D:1)
  5 bats
  2 endoplasms (D:1)
  2 giant cockroaches
  5 goblins
  3 hobgoblins
  2 quokkas
  A frilled lizard (D:2)
  4 kobolds
  5 rats
35 creatures vanquished.

Notes
Turn   | Place    | Note
-------+----------+-------------------------------------------
     0 | D:1      | Tungsten the Hill Orc Monk began the quest for the Orb.
     0 | D:1      | Reached XP level 1. HP: 19/19 MP: 1/1
   696 | D:1      | Reached XP level 2. HP: 24/26 MP: 2/2
   698 | D:1      | Reached skill level 4 in Maces & Flails
  1228 | D:2      | Reached XP level 3. HP: 26/31 MP: 3/3
  1565 | D:2      | Reached skill level 5 in Maces & Flails
  1747 | D:2      | Found a faded altar of an unknown god.
  2257 | D:3      | Found Cymitran's Antique Weapon Shoppe.
  2659 | D:3      | Reached XP level 4. HP: 38/39 MP: 4/4
  3228 | D:4      | Noticed Natasha
  3241 | D:4      | Killed from afar by Natasha

Illustrated notes

Levels and vault maps discovered:
D:1:      dpeg_arrival_round_c, layout_basic
D:2:      layout_loops_cross, shapermc_ecumenical_altar_notcrosses
D:3:      layout_basic, serial_shops, nicolae_shop_trees, serial_forest,
          infiniplex_forest_lined_4_way, infiniplex_forest_straight_5,
          infiniplex_forest_lined_2, infiniplex_forest_lined_3_way,
          minmay_misc_feat_hallway
D:4:      layout_basic, serial_shops, shop, shop, minmay_checkerbox,
          uniq_natasha, uniq_blork_the_orc

Skill      XL: |  1  2  3 |
---------------+----------+-----
Maces & Flails | 4 5 |  5.3
Fighting       | |  3.6
Dodging        | |  2.4
Stealth        | |  1.5

Action                   |  1- 3 |  4- 6 || total
-------------------------+-------+-------++-------
Melee: Mace              |    55 |    18 ||    73
       Whip              |    79 |       ||    79
Throw: Dart              |     4 |       ||     4
  Use: Potion            |       |     1 ||     1
 Stab: Sleeping          |     1 |       ||     1
Armor: Robe              |     8 |       ||     8
       Ring mail         |    35 |     2 ||    37
Dodge: Dodged            |    67 |    12 ||    79

Table legend: (Time is in decaauts)
 A = Elapsed time spent in this place.
 B = Non-inter-level travel time spent in this place.
 C = Inter-level travel time spent in this place.
 D = Time resting spent in this place.
 E = Time spent auto-exploring this place.
 F = Levels seen in this place.
 G = Mean time per level.
                   A        B        C        D        E       F      G
               +--------+--------+--------+--------+--------+-----+--------+
         Total |   3243 |   3186 |     57 |    579 |   2025 |   4 |  810.8 |
       Dungeon |   3243 |   3186 |     57 |    579 |   2025 |   4 |  810.8 |
               +--------+--------+--------+--------+--------+-----+--------+

Top non-repeatable levels by time:
     D:3: 1241 daAuts
     D:1: 1035 daAuts
     D:2: 846 daAuts
     D:4: 120 daAuts
